 Dungeon Crawl Stone Soup version 0.31-a0-431-g88bdf31460 (webtiles) character file.

Game seed: 9298496886941011908

96 LeprechaunX the Ruffian (level 4, -3/29 HPs)
             Began as an Octopode Shapeshifter on July 31, 2023.
             Slain by a gnoll
             ... wielding a +0 halberd
              (4 damage)
             ... on level 2 of the Dungeon.
             The game lasted 00:01:28 (1345 turns).

LeprechaunX the Ruffian (Octopode Shapeshifter)     Turns: 1345, Time: 00:01:28

Health: -3/29      AC:  1    Str: 16    XL:     4   Next: 67%
Magic:  4/4        EV: 13    Int: 10    God:
Gold:   38         SH:  0    Dex: 12    Spells: 3/3 levels left

rFire   . .          .
                       - Unarmed
rCold   . . .        (no shield)
rNeg    . . .        (helmet currently unavailable)
rPois   .            d - amulet of the acrobat
rElec   .            (no ring)
rCorr   .            (no ring)
SInv    .            (no ring)
Will    .....        (no ring)
Stlth   ++           (no ring)
HPRegen 0.24/turn    (no ring)
MPRegen 0.09/turn    (no ring)
                     (no ring)

%: acrobat
@: beast-form
A: beast (slay +2), almost no armour, amphibious, 8 rings, camouflage 1,
gelatinous body 1, (nimble swimmer 1), tentacles
a: Begin Untransformation


You were on level 2 of the Dungeon.
You were a hulking beast.
You visited 1 branch of the dungeon, and saw 2 of its levels.

You collected 38 gold pieces.

Inventory:

Jewellery
 d - an amulet of the acrobat (around mantle)
Talismans
 b - a beast talisman (active)
Scrolls
 f - 3 scrolls of teleportation {unknown}
 g - a scroll of identify {unknown}
 h - a scroll of enchant armour {unknown}
 j - a scroll of acquirement {unknown}
 l - a scroll of brand weapon {unknown}
 m - a scroll of enchant weapon {unknown}
 q - a scroll of vulnerability {unknown}
Potions
 a - 2 potions of lignification
 c - a potion of resistance {unknown}
 e - a potion of cancellation {unknown}
 i - a potion of degeneration {unknown}
 k - a potion of magic {unknown}
 n - 2 potions of heal wounds {unknown}
 o - a potion of curing {unknown}
 p - a potion of mutation {unknown}


   Skills:
 + Level 2.0 Fighting
 + Level 2.7 Dodging
 * Level 4.0 Unarmed Combat
 + Level 3.3 Shapeshifting


You had 3 spell levels left.
You didn't know any spells.
Your spell library contained the following spells:

 Spells                   Type           Power      Damage    Failure   Level
 Summon Guardian Golem    Hex/Summ       0%         N/A       75%         3
 Orb of Destruction       Conj           0%         9d5       100%        7
 Spellforged Servitor     Conj/Summ      0%         N/A       100%        7


Dungeon Overview and Level Annotations

Branches:
Dungeon (2/15)

Altars:


Innate Abilities, Weirdness & Mutations

You are a hulking beast.
Your limbs bulge with bestial killing power. (Slay +2)
You cannot wear most types of armour.
You are amphibious.
You can wear up to eight rings at the same time.
Your skin changes colour to match your surroundings (Stealth+).
Your rubbery body absorbs attacks. (AC +1, EV +1)
((You are camouflaged when in or above water. (Stealth+)))
You have tentacles for arms and can constrict up to eight enemies at once.


Message History

You tentacle-slap the gnoll. Your grab misses the gnoll.
You tentacle-slap the gnoll. Your squeeze misses the gnoll.
The gnoll is severely wounded.
The gnoll closely misses you. x2
You tentacle-slap the gnoll. You grab the gnoll. You squeeze the gnoll.
The gnoll is severely wounded.
You constrict the gnoll. The gnoll misses you.
The gnoll hits you with a +0 whip. The gnoll misses you.
You tentacle-slap the gnoll.
You kill the gnoll!
The gnoll hits you with a +0 halberd! The gnoll closely misses you.
Your Unarmed Combat skill increases to level 4!
You are too injured to fight recklessly!
You are too injured to fight recklessly!
You are too injured to fight recklessly!
You are too injured to fight recklessly!
You are too injured to fight recklessly!
You are too injured to fight recklessly!
You are too injured to fight recklessly!
You are too injured to fight recklessly!
You are too injured to fight recklessly!
You are too injured to fight recklessly!
You are too injured to fight recklessly!
You are too injured to fight recklessly!
Unknown command.
The gnoll completely misses you.
You tentacle-slap the gnoll. You grab the gnoll.
The gnoll is moderately wounded.
You constrict the gnoll. You bludgeon the gnoll!
You kill the gnoll!
Your Fighting skill increases to level 2!
A kobold comes into view. It is wielding a +0 club.
The gnoll hits you with a +0 halberd!
* * * LOW HITPOINT WARNING * * *
You see here a +0 whip.
You tentacle-slap the gnoll. You grab the gnoll.
The gnoll is moderately wounded.
You constrict the gnoll. The gnoll hits you with a +0 halberd.
You die...

$# .##.#...#.#
#####.# .......|#.#
#...K.# #.......#.#
#.....# #..........
#.....# #.....##..#
#.....# #..... #..#
#..)..# ###### #...
#g# #..# #h#
#####.## #.#
####...#... #.#
##.##.......
##.#####.#.......##
#.#..............#
##.#####.#.......#
### ##.##...###
####...# #####


You could see a gnoll and a kobold.

Vanquished Creatures
  2 gnolls (D:2)
  2 adders (D:2)
  A worm (D:2)
  A dart slug (D:1)
  5 endoplasms
  6 giant cockroaches (D:1)
  4 goblins
  4 hobgoblins
  13 ball pythons
  2 bats
  2 frilled lizards (D:1)
  10 kobolds
  3 rats (D:1)
55 creatures vanquished.

Notes
Turn   | Place    | Note
-------+----------+-------------------------------------------
     0 | D:1      | LeprechaunX the Octopode Shapeshifter began the quest for
                  | the Orb.
     0 | D:1      | Reached XP level 1. HP: 13/13 MP: 1/1
   160 | D:1      | Reached XP level 2. HP: 7/18 MP: 2/2
   360 | D:1      | Reached XP level 3. HP: 23/23 MP: 3/3
  1092 | D:2      | Reached XP level 4. HP: 19/29 MP: 4/4
  1340 | D:2      | Reached skill level 4 in Unarmed Combat
  1344 | D:2      | HP: 1/29 [gnoll/+0 halberd (12)]
  1345 | D:2      | Slain by a gnoll

Illustrated notes

Levels and vault maps discovered:
D:1:      heliophobic_arrival_ceremonial_halls, layout_basic
D:2:      layout_loops_cross

Skill      XL: |  1  2  3  4 |
---------------+-------------+-----
Unarmed Combat | 4 |  4.0
Fighting       | 2 |  2.0
Dodging        | |  2.7
Shapeshifting  | |  3.3

Action                     |  1- 3 |  4- 6 || total
---------------------------+-------+-------++-------
  Melee: Unarmed           |    67 |    21 ||    88
         Constrict         |    15 |     5 ||    20
         Tentacles         |    13 |     2 ||    15
         Punch             |     1 |     1 ||     2
   Stab: Sleeping          |     9 |     2 ||    11
 Armour: Skin              |     6 |       ||     6
  Dodge: Dodged            |    34 |    28 ||    62

Table legend: (Time is in decaauts)
 A = Elapsed time spent in this place.
 B = Non-inter-level travel time spent in this place.
 C = Inter-level travel time spent in this place.
 D = Time resting spent in this place.
 E = Time spent auto-exploring this place.
 F = Levels seen in this place.
 G = Mean time per level.
                   A        B        C        D        E       F      G
               +--------+--------+--------+--------+--------+-----+--------+
         Total |   1339 |   1322 |     17 |      0 |   1023 |   2 |  669.5 |
       Dungeon |   1339 |   1322 |     17 |      0 |   1023 |   2 |  669.5 |
               +--------+--------+--------+--------+--------+-----+--------+

Top non-repeatable levels by time:
     D:1: 832 daAuts
     D:2: 506 daAuts
